 Dungeon Crawl Stone Soup version 0.30-a0-777-ga9a30cbeda (webtiles) character file.

Game seed: 15320486279685929735

56 lunkers the Insei (level 4, 0/35 HPs)
             Began as a Meteoran Transmuter on Feb 13, 2023.
             Slain by a gnoll bouda
             ... wielding a +0 whip
              (9 damage)
             ... on level 3 of the Dungeon.
             The game lasted 00:02:41 (1245 turns).

lunkers the Insei (Meteoran Transmuter)             Turns: 1245, Time: 00:02:42

Health: 0/35       AC:  6    Str: 11    XL:     4   Next: 37%
Magic:  6/9        EV: 20    Int: 14    God:
Gold:   81         SH:  0    Dex: 22    Spells: 2/8 levels left

rFire   . . .      SeeInvis .      - Unarmed
rCold   . . .      Faith    .    (shield currently unavailable)
rNeg    . . .      Spirit   .    (body armour currently unavailable)
rPois   x          Reflect  .    (helmet currently unavailable)
rElec   .          Harm     .    (cloak currently unavailable)
rCorr   .          Rampage  .    (gloves currently unavailable)
Will    .....                    (boots currently unavailable)
Stlth   +                        (no amulet)
HPRegen 0.25/turn                f - +4 ring of protection
MPRegen 0.11/turn                (no ring)

@: spider-form (expiring), weakened, glowing
A: venomous fangs, tiny, sense surroundings 1, otherworldly, glowing, explore
regen
a: End Transformation


You were on level 3 of the Dungeon.
You were a venomous arachnid creature.
You visited 1 branch of the dungeon, and saw 3 of its levels.

You collected 81 gold pieces.

Inventory:

Hand Weapons
 h - a +0 heavy quarterstaff
Armour
 a - a +0 robe (melded)
 i - a +0 pair of gloves
Jewellery
 f - a +4 ring of protection (left front pincers)
Potions
 b - a potion of lignification
 c - 2 potions of mutation
 d - 2 potions of curing
 e - a potion of flight
 g - a potion of haste {unknown}
 j - a potion of attraction


   Skills:
 - Level 1.1 Fighting
 - Level 2.4 Dodging
 * Level 5.0 Unarmed Combat
 - Level 2.6 Spellcasting
 * Level 3.5 Transmutations


You had 2 spell levels left.
You knew the following spells:

 Your Spells              Type           Power      Damage    Failure   Level
b - Wereblood             Tmut           11%        N/A       21%         2
c - Spider Form           Tmut/Pois      6%         N/A       54%         3
p - Beastly Appendage     Tmut           22%        N/A       16%         1

Your spell library contained the following spells:

 Spells                   Type           Power      Damage    Failure   Level
 Freeze                   Ice            4%         1d3       43%         1
 Dazzling Flash           Conj/Hex       2%         N/A       75%         3
 Frozen Ramparts          Ice            2%         1d1       75%         3
 Hailstorm                Conj/Ice       1%         3d3       75%         3
 Ice Form                 Ice/Tmut       6%         N/A       87%         4
 Agony                    Necr           1%         N/A       100%        5
 Silence                  Hex/Air        0%         N/A       100%        5


Dungeon Overview and Level Annotations

Branches:
Dungeon (3/15) Zot: 563

Altars:


Innate Abilities, Weirdness & Mutations

You are a venomous arachnid creature.
You have venomous fangs.
You are tiny and dextrous.
Your spellcasting is less reliable in this form.
Your armour is entirely melded.
You are incapable of wielding weapons or throwing items.
You passively map a small area around you.
You are easily found by Zot.
You glow in the dark.
You regain HP and MP as you explore.


Message History

You closely miss the gnoll.
The gnoll is almost dead.
You hear the brisk rusting of a very distant drain.
You hit the gnoll bouda but do no damage.
Your headbutt misses the gnoll bouda.
Your transformation is almost over.
Your attacks no longer feel as feeble.
The gnoll hits you from afar with a +0 spear!
* * * LOW HITPOINT WARNING * * *
Casting: Beastly Appendage (safe; 5% risk of failure)
Confirm with . or Enter, or press ? or * to list all spells.
The spell is quite dangerous to miscast (32% risk of failure)!
Continue anyway?
Your horns disappear.
Your talons disappear.
You turn into a venomous arachnid creature.
Your +0 robe melds into your body.
The gnoll bouda gazes fiercely through you!
You feel your attacks grow feeble.
The gnoll bouda hits you with a +0 whip.
* * * LOW HITPOINT WARNING * * *
The gnoll misses you.
You barely miss the gnoll bouda.
The gnoll bouda barks out a call to the hunt!
The gnoll picks up the pace!
The gnoll hits you but does no damage.
You hit the gnoll bouda but do no damage.
The gnoll bouda is poisoned.
The gnoll bouda barely misses you. The gnoll closely misses you.
You hit the gnoll bouda but do no damage.
The gnoll bouda looks as sick as possible!
Your transformation is almost over.
The gnoll bouda hits you but does no damage.
The gnoll hits you from afar with a +0 spear.
* * * LOW HITPOINT WARNING * * *
You hit the gnoll bouda but do no damage.
The gnoll bouda looks as sick as possible!
The gnoll bouda is lightly wounded.
The gnoll bouda hits you with a +0 whip!
* * * LOW HITPOINT WARNING * * *
You feel better. The gnoll closely misses you.
The gnoll bouda hits you with a +0 whip!
You die...

, ##.
, **
#.. ,
#g# *
* #g#
* *, ,
#g# *
#g#,
#g#
#s# **
* #.#
* #.#,
* ,
#.#
#.#,*
,, , ,
#.# *
, ~
#.# ,
, #.#*
,
#.#*,,
, ,


You could see a gnoll bouda (extremely poisoned) and 4 gnolls.

Vanquished Creatures
  An adder (D:2)
  A worm (D:2)
  An orc (D:3)
  4 endoplasms
  A giant cockroach (D:1)
  9 goblins
  8 hobgoblins
  4 ball pythons
  2 bats
  2 frilled lizards
  4 kobolds
37 creatures vanquished.

Vanquished Creatures (others)
  A bat (D:3)
1 creature vanquished.

Grand Total: 38 creatures vanquished

Notes
Turn   | Place    | Note
-------+----------+-------------------------------------------
     0 | D:1      | lunkers the Meteoran Transmuter began the quest for the
                  | Orb.
     0 | D:1      | Reached XP level 1. HP: 16/16 MP: 5/5
   100 | D:1      | Reached XP level 2. HP: 21/23 MP: 6/6
   128 | D:1      | Reached skill level 4 in Unarmed Combat
   214 | D:1      | Learned a level 2 spell: Wereblood
   421 | D:1      | Reached XP level 3. HP: 28/28 MP: 6/8
   437 | D:1      | Learned a level 3 spell: Spider Form
   864 | D:2      | Found a faded altar of an unknown god.
   903 | D:2      | Reached XP level 4. HP: 28/35 MP: 9/9
  1114 | D:3      | Reached skill level 5 in Unarmed Combat
  1245 | D:3      | Slain by a gnoll bouda

Illustrated notes

Levels and vault maps discovered:
D:1:      amcnicky_arrival_double_pillar, layout_basic, hex_medium,
          amcnicky_mini_corridor_feature, st_stairs_7, minmay_indecisive_spiral
D:2:      layout_loops_corners, ebering_ecumenical_altar_hall
D:3:      cheibrodos_helix_gallery, layout_loops_ring, portal_sewer_entry_f,
          minmay_goblin_outpost

Skill      XL: |  1  2  3  4 |
---------------+-------------+-----
Unarmed Combat | 4 5 |  5.0
Transmutations | 3 |  3.5
Fighting       | |  1.1
Dodging        | |  2.4
Spellcasting   | |  2.6

Action                     |  1- 3 |  4- 6 || total
---------------------------+-------+-------++-------
  Melee: Unarmed           |    64 |    30 ||    94
         Kick              |    17 |     7 ||    24
         Headbutt          |     4 |     6 ||    10
         Punch             |       |     2 ||     2
   Cast: Beastly Appendage |    16 |     6 ||    22
         Spider Form       |       |     1 ||     1
    Use: Scroll            |     4 |     5 ||     9
         Potion            |       |     1 ||     1
 Armour: Robe              |    13 |    12 ||    25
         Skin              |       |     2 ||     2
  Dodge: Dodged            |    24 |    26 ||    50

Table legend: (Time is in decaauts)
 A = Elapsed time spent in this place.
 B = Non-inter-level travel time spent in this place.
 C = Inter-level travel time spent in this place.
 D = Time resting spent in this place.
 E = Time spent auto-exploring this place.
 F = Levels seen in this place.
 G = Mean time per level.
                   A        B        C        D        E       F      G
               +--------+--------+--------+--------+--------+-----+--------+
         Total |   1236 |   1236 |      0 |      0 |    887 |   3 |  412.0 |
       Dungeon |   1236 |   1236 |      0 |      0 |    887 |   3 |  412.0 |
               +--------+--------+--------+--------+--------+-----+--------+

Top non-repeatable levels by time:
     D:2: 504 daAuts
     D:1: 472 daAuts
     D:3: 259 daAuts
